 Dungeon Crawl Stone Soup version 0.31.0-12-g77e489cdc1 (webtiles) character file.

Game seed: 9000551664594734145

2 RancidPinata the Sneak (level 1, -1/14 HPs)
             Began as a Gargoyle Delver on Feb 20, 2024.
             Slain by a black bear (2 damage)
             ... on level 5 of the Dungeon.
             The game lasted 00:01:04 (146 turns).

RancidPinata the Sneak (Gargoyle Delver)             Turns: 146, Time: 00:01:04

Health: -1/14      AC:  5    Str: 15    XL:     1   Next: 40%
Magic:  1/1        EV: 11    Int: 10    God:
Gold:   5          SH:  0    Dex: 11    Spells: 0/0 levels left

rFire   . . .        a - +0 mace
rCold   . . .        (no shield)
rNeg    + . .        b - +0 leather armour
rPois   ∞            (no helmet)
rElec   +            (no cloak)
rCorr   .            (no gloves)
SInv    .            (no boots)
Will    .....        (no amulet)
Stlth   +++          (no ring)
HPRegen 0.22/turn    (no ring)
MPRegen 0.07/turn

%: no passive effects
@: no status effects
A: sickness immunity, AC +2, negative energy resistance 1, electricity
resistance, torment resistance 1, petrification resistance
a: no special abilities


You were on level 5 of the Dungeon.
You visited 1 branch of the dungeon, and saw 3 of its levels.

You collected 5 gold pieces.

Inventory:

Hand Weapons
 a - a +0 mace (weapon)
Armour
 b - a +0 leather armour (worn)
Wands
 g - a wand of digging (3)
Scrolls
 c - 2 scrolls of fog
 d - 2 scrolls of revelation
 e - a scroll of fear
 i - a scroll of identify {unknown}
Potions
 f - a potion of haste
 h - a potion of mutation {unknown}


   Skills:
 * Level 3.3 Fighting
 + Level 2.0 Maces & Flails
 * Level 0.2 Armour
 + Level 1.6 Dodging
 + Level 5.4 Stealth


You couldn't memorise any spells.
You didn't know any spells.
Your spell library was empty.

Dungeon Overview and Level Annotations

Branches:
Dungeon (6/15)
 Temple: D:4-7

Altars:


Innate Abilities, Weirdness & Mutations

You are immune to sickness and miasma.
Your stone body is resilient. (AC +2)
You are immune to poison.
You resist negative energy. (rN+)
You are resistant to electric shocks. (rElec)
You are resistant to unholy torment.
You are immune to petrification.


Message History

A black bear comes into view.
There is a stone staircase leading down here.
Found a scroll of revelation.
Found a stone staircase leading up.
d - 2 scrolls of revelation (gained 1)
Found an escape hatch in the floor.
Found a stone staircase leading down.
Found a leather armour.
i - a scroll labelled KUQOFIZXEFRA An adder comes into view.
You see here a scroll of fog.
c - 2 scrolls of fog (gained 1)
A hobgoblin comes into view.
A goblin comes into view. It is wielding a +0 dagger.
The hobgoblin shouts!
You hear an angry hiss.
An iguana comes into view.
Found a blue potion.
The black bear growls angrily.
The iguana hisses menacingly.
You see here a giant cockroach corpse.
There is a stone staircase leading down here.
You can't go up here!
The black bear bites you. The black bear claws you. x2
You climb downwards.
There is a stone staircase leading up here.
You hit the black bear.
The black bear is lightly wounded.
The black bear bites you.
* * * LOW HITPOINT WARNING * * *
The black bear barely misses you. The black bear closely misses you.
The black bear misses you.
The black bear claws you but does no damage.
The black bear claws you.
* * * LOW HITPOINT WARNING * * *
You barely miss the black bear.
The black bear is lightly wounded.
The black bear bites you.
* * * LOW HITPOINT WARNING * * *
The black bear closely misses you. The black bear claws you.
You die...

#### #####+##### ..
...###..........
###.###............
##.................
....#.#.#@....#.# #
#.#.#.#.#.h.....#
#.##.#.....#.###.#####
#..........#.........#
#.............###.#
#....########.#
#>..............
###.#.#.#.#####.###
#..........# #.#


You could see a black bear.

Vanquished Creatures
  A ball python (D:4)
  A giant cockroach (D:4)
2 creatures vanquished.

Notes
Turn   | Place    | Note
-------+----------+-------------------------------------------
     0 | D:5      | RancidPinata the Gargoyle Delver began the quest for the
                  | Orb.
     0 | D:5      | Reached XP level 1. HP: 14/14 MP: 1/1
     1 | D:6      | Noticed a howler monkey
     1 | D:6      | Noticed an orc wizard
     1 | D:6      | Noticed an orc wizard
     1 | D:6      | Noticed an orc wizard
    51 | D:4      | Noticed a black bear
   113 | D:4      | Noticed an iguana
   146 | D:5      | Slain by a black bear

Illustrated notes

Levels and vault maps discovered:
D:4:      layout_basic, minmay_strange_pillars
D:5:      layout_basic, lemuel_tele_altar, temple_green,
          gammafunk_ghost_cemetery, st_stairs_4
D:6:      layout_rooms, enter_ossuary_4, minmay_misc_feat_alley, chequers_jeans,
          uniq_eustachio, uniq_edmund, uniq_grinder

Action                     || total
---------------------------++-------
  Melee: Mace              ||     8
         Punch             ||     1
 Armour: Leather armour    ||    13
  Dodge: Dodged            ||    12
